 Dungeon Crawl Stone Soup version 0.21.0-3-g78d12a8 (webtiles) character file.

396 dobroeutro the Cleaver (level 6, -3/51 HPs)
             Began as a Minotaur Fighter on Jan 17, 2018.
             Slain by a hornet (10 damage)
             ... on level 5 of the Dungeon.
             The game lasted 00:03:15 (3326 turns).

dobroeutro the Cleaver (Minotaur Fighter)           Turns: 3326, Time: 00:03:17

Health: -3/51      AC: 10    Str: 22    XL:     6   Next: 52%
Magic:  5/5        EV:  7    Int:  5    God:
Gold:   278        SH:  9    Dex: 10    Spells: 5/5 levels left

rFire    . . .     SeeInvis .   a - +0 war axe
rCold    . . .     Gourm    .   c - +0 shield
rNeg     . . .     Faith    .   n - +0 scale mail (curse)
rPois    .         Spirit   .   (helmet restricted)
rElec    .         Reflect  .   (no cloak)
rCorr    .         Harm     .   r - +2 pair of gloves
MR       .....                  (no boots)
Stlth    ..........             (no amulet)
HPRegen  0.17/turn              (no ring)
MPRegen  0.09/turn              (no ring)

@: lethally poisoned (-3 -> -7), slowed, very slow
A: retaliatory headbutt, horns 2
a: no special abilities


You were on level 5 of the Dungeon.
You were hungry.

You visited 1 branch of the dungeon, and saw 5 of its levels.

You collected 278 gold pieces.

Inventory:

Hand Weapons
 a - a +0 war axe (weapon)
Armour
 c - a +0 shield (worn)
 n - a cursed +0 scale mail (worn)
 r - a +2 pair of gloves (worn)
Jewellery
 x - an uncursed amulet of magic regeneration {unknown}
Scrolls
 b - 3 scrolls of enchant armour {unknown}
 e - 3 scrolls of amnesia {unknown}
 j - a scroll of fog {unknown}
 m - 3 scrolls of identify {unknown}
 p - 3 scrolls of teleportation {unknown}
 t - a scroll of remove curse {unknown}
 y - a scroll of immolation {unknown}
 z - 2 scrolls of fear {unknown}
 A - a scroll of enchant weapon {unknown}
Potions
 d - 2 potions of might
 g - 2 potions of curing {unknown}
 h - a potion of resistance {unknown}
 i - a potion of brilliance {unknown}
 k - 3 potions of degeneration {unknown}
 l - a potion of ambrosia {unknown}
 o - a potion of invisibility {unknown}
 q - a potion of berserk rage {unknown}
 s - a potion of magic {unknown}
 u - a potion of agility {unknown}
 v - 2 potions of flight {unknown}
 w - a potion of lignification {unknown}
Comestibles
 f - 8 rations


   Skills:
 - Level 3.6 Fighting
 + Level 8.5 Axes
 - Level 3.6 Armour
 - Level 3.6 Shields


You had 5 spell levels left.
You didn't know any spells.

Dungeon Overview and Level Annotations

Branches:
Dungeon (5/15)
 Temple: D:4-7

Altars:
Ashenzari
Dithmenos
Gozag


Innate Abilities, Weirdness & Mutations

You reflexively headbutt those who attack you in melee.
You have a pair of horns on your head.


Message History

You feel as though you will be slow longer.
Your shield prevents you from hitting the hornet.
The hornet is moderately wounded.
You feel sick. You block the hornet's attack. The hornet barely misses you.
You furiously retaliate!
You headbutt the hornet, but do no damage.
A frilled lizard comes into view.
The frilled lizard hisses angrily.
You slash the hornet!
The hornet is heavily wounded.
You feel sick.
The hornet stings you but does no damage.
You block the hornet's attack.
You slash the hornet!
The hornet is almost dead.
The hornet stings you!
* * * LOW HITPOINT WARNING * * *
You feel as though you will be slow longer.
The hornet stings you!
You die...

#...... #......
#...... #...#$##
### #...... #....
#.#.#.#......
#.#.#...l....
#######.#.y........
........#@#########
########..# #..#
#.>##########
#......(^...#
#.#########.# #.#
#.# #.#########.##
#............#


You could see a hornet and a frilled lizard.

Vanquished Creatures
  A phantom (D:4)
  An orc wizard (D:3)
  Jessica (D:2)
  A worker ant (D:4)
  Natasha (thrice) (D:2)
  A gnoll (D:1)
  4 adders
  A shadow imp (D:5)
  An ooze (D:3)
  2 worms
  3 dart slugs
  4 leopard geckos
  8 orcs
  5 bats
  5 giant cockroaches
  6 goblins
  8 hobgoblins
  6 kobolds
  8 quokkas
  A ball python (D:2)
  4 frilled lizards
  A jackal skeleton (D:4)
  9 rats
84 creatures vanquished.

Notes
Turn   | Place    | Note
-------+----------+-------------------------------------------
     0 | D:1      | dobroeutro the Minotaur Fighter began the quest for the Orb.
     0 | D:1      | Reached XP level 1. HP: 19/19 MP: 0/0
    46 | D:1      | Reached skill level 3 in Axes
    67 | D:1      | Reached XP level 2. HP: 18/26 MP: 1/1
   156 | D:1      | Reached skill level 4 in Axes
   405 | D:1      | Reached XP level 3. HP: 31/31 MP: 2/2
   858 | D:2      | Found a shattered altar of Ashenzari.
   948 | D:2      | Reached skill level 5 in Axes
  1032 | D:2      | Reached XP level 4. HP: 29/39 MP: 3/3
  1091 | D:2      | Noticed Natasha
  1104 | D:2      | Killed Natasha
  1351 | D:2      | Noticed Natasha
  1357 | D:2      | Killed Natasha
  1357 | D:2      | Reached skill level 6 in Axes
  1517 | D:2      | Noticed Natasha
  1518 | D:2      | Noticed Jessica
  1520 | D:2      | Killed Natasha
  1520 | D:2      | Reached XP level 5. HP: 34/45 MP: 4/4
  1530 | D:2      | Killed Jessica
  1545 | D:2      | Identified Jessica's Disquisition on Translocation
  1629 | D:3      | Reached skill level 7 in Axes
  1777 | D:3      | Found an opulent altar of Gozag.
  2152 | D:3      | Reached XP level 6. HP: 51/51 MP: 5/5
  3084 | D:4      | Reached skill level 8 in Axes
  3138 | D:4      | Found a shadowy altar of Dithmenos.
  3248 | D:5      | Entered Level 5 of the Dungeon
  3311 | D:5      | Noticed a hornet
  3326 | D:5      | Slain by a hornet

Skill      XL: |  1  2  3  4  5  6 |
---------------+-------------------+-----
Axes           | 3 4 5 6 7 8 |  8.5
Fighting       | |  3.6
Armour         | |  3.6
Shields        | |  3.6

Action                   |  1- 3 |  4- 6 || total
-------------------------+-------+-------++-------
Melee: War axe           |    98 |   162 ||   260
       Headbutt          |     8 |    16 ||    24
  Eat: Chunk             |       |     4 ||     4
       Ration            |       |     1 ||     1
Armor: Scale mail        |    56 |    74 ||   130
Dodge: Dodged            |    31 |    39 ||    70
Block: Shield            |    38 |    75 ||   113
